 Dungeon Crawl Stone Soup version 0.24-a0-464-g6b2be6b8c7 (webtiles) character file.

Game seed: 15572793908826463453

631 Mithandil the Conjurer (level 7, -5/36 HPs)
             Began as a Deep Elf Conjurer on July 2, 2019.
             Was an Initiate of Vehumet.
             Slain by Edmund
             ... wielding a +2 flail of protection
              (8 damage)
             ... on level 5 of the Dungeon on July 4, 2019.
             The game lasted 00:37:48 (4931 turns).

Mithandil the Conjurer (Deep Elf Conjurer)          Turns: 4931, Time: 00:37:49

Health: -5/36      AC:  4    Str:  5    XL:     7   Next: 24%
Magic:  13/17      EV: 14    Int: 22    God:    Vehumet [......]
Gold:   290        SH:  0    Dex: 15    Spells: 3/17 levels left

rFire    . . .     SeeInvis .   a - +0 dagger
rCold    . . .     Gourm    .   (no shield)
rNeg     . . .     Faith    .   e - +2 robe
rPois    .         Spirit   .   (no helmet)
rElec    .         Reflect  .   (no cloak)
rCorr    .         Harm     .   (no gloves)
MR       .....                  (no boots)
Stlth    +++.......             i - amulet of the acrobat
HPRegen  0.12/turn              k - ring of wizardry
MPRegen  0.15/turn              (no ring)

@: about to teleport
A: no striking features
a: Renounce Religion


You were on level 5 of the Dungeon.
You worshipped Vehumet.
Vehumet was noncommittal.
You were not hungry.

You visited 2 branches of the dungeon, and saw 7 of its levels.

You collected 290 gold pieces.

Inventory:

Hand Weapons
 a - a +0 dagger (weapon)
Missiles
 f - 204 stones
 n - 3 poisoned darts (quivered)
 p - 70 arrows
 r - 7 boomerangs
Armour
 e - a +2 robe (worn)
 h - a +0 buckler
 s - a +0 shield
Jewellery
 i - an amulet of the acrobat (around neck)
 k - a ring of wizardry (left hand)
Wands
 v - a wand of digging (5)
Scrolls
 g - a scroll of teleportation
 j - a scroll of enchant armour
 q - 2 scrolls of remove curse
 u - a scroll of blinking {unknown}
Potions
 b - 4 potions of might {unknown}
 d - 3 potions of curing
 l - 2 potions of haste
 m - a potion of lignification {unknown}
 o - a potion of heal wounds {unknown}
 t - 2 potions of agility {unknown}
 w - a potion of ambrosia {unknown}
Comestibles
 c - 4 rations


   Skills:
 + Level 2.0 Short Blades
 + Level 3.9 Dodging
 + Level 4.1 Stealth
 * Level 2.1 Shields
 * Level 5.7 Spellcasting
 * Level 6.0 Conjurations
 + Level 0.5 Hexes
 + Level 2.0 Translocations


You had 3 spell levels left.
You knew the following spells:

 Your Spells              Type           Power        Failure   Level  Hunger
a - Magic Dart            Conj           ####         1%          1    None
b - Searing Ray           Conj           ####..       1%          2    None
c - Force Lance           Conj/Tloc      ###.....     8%          4    ####...
d - Iskenderun's Mystic   Conj           ####....     3%          4    ####...
e - Dazzling Spray        Conj/Hex       ###...       3%          3    ##.....

Your spell library contained the following spells:

 Spells                   Type           Power        Failure   Level  Hunger
 Fulminant Prism          Conj/Hex       ###.......   10%         4    ####...


Dungeon Overview and Level Annotations

Branches:
Dungeon (6/15)             Temple (1/1) D:4

Altars:
Ashenzari
Cheibriados
Dithmenos
Elyvilon
Fedhas
Hepliaklqana
Kikubaaqudgha
Makhleb
Nemelex Xobeh
Okawaru
Qazlal
Ru
Trog
Vehumet
Wu Jian
Xom
Jiyva

Annotations:
D:5 Edmund, Sigmund


Message History

The magic dart hits Edmund but does no damage.
Edmund is lightly wounded.
Edmund hits you with a +2 flail of protection.
Edmund misses you. Edmund completely misses you.
Edmund hits you with a +2 flail of protection.
* * * LOW HITPOINT WARNING * * *
Edmund completely misses you. Edmund completely misses you.
Edmund hits you with a +2 flail of protection.
* * * LOW HITPOINT WARNING * * *
Edmund hits you with a +2 flail of protection!
* * * LOW HITPOINT WARNING * * *
Edmund closely misses you. Edmund closely misses you.
Edmund completely misses you.
As you read the scroll of teleportation, it crumbles to dust.
You feel strangely unstable.
Edmund hits you with a +2 flail of protection!
You die...

#.# #.#.# #.#..#.# #
#.# #.#.# #.#..#.# #
#.# #.#.# #.#..#.####
#.# #...# #.#..#.....
#.#####.# #.#..######
#.......# #.#########
######### #..........
#.#####################
#.....@@...............
##############..#######
.............
#############


You could see Edmund.

Vanquished Creatures
  2 phantoms (D:4)
  2 scorpions (D:4)
  A bullfrog zombie (D:3)
  2 hounds
  An orc wizard (D:4)
  A jelly (D:5)
  3 worker ants
  A howler monkey zombie (D:4)
  4 adders
  4 oozes
  A worm (D:3)
  2 dart slugs (D:2)
  3 leopard geckos
  3 orcs
  4 ball pythons
  2 bats
  7 giant cockroaches
  A goblin (D:2)
  3 hobgoblins
  4 jackals (D:2)
  A quokka (D:3)
  5 frilled lizards
  10 kobolds
  A quokka skeleton (D:4)
  8 rats
76 creatures vanquished.

Notes
Turn   | Place    | Note
-------+----------+-------------------------------------------
     0 | D:1      | Mithandil the Deep Elf Conjurer began the quest for the
                  | Orb.
     0 | D:1      | Reached XP level 1. HP: 10/10 MP: 6/6
   161 | D:1      | Reached XP level 2. HP: 15/15 MP: 2/8
   165 | D:1      | Learned a level 2 spell: Searing Ray
   798 | D:2      | Reached XP level 3. HP: 19/19 MP: 1/10
  1321 | D:2      | Reached skill level 5 in Conjurations
  1363 | D:2      | Reached XP level 4. HP: 24/24 MP: 9/12
  1369 | D:2      | Learned a level 4 spell: Force Lance
  1374 | D:2      | Learned a level 4 spell: Iskenderun's Mystic Blast
  1544 | D:2      | Found a sacrificial altar of Ru.
  1548 | D:2      | Found a snail-covered altar of Cheibriados.
  2357 | D:4      | Reached skill level 1 in Short Blades
  2608 | D:4      | Reached XP level 5. HP: 27/28 MP: 5/13
  2695 | D:4      | Noticed a phantom
  2709 | D:5      | Entered Level 5 of the Dungeon
  2843 | D:4      | Upgraded the game from 0.24-a0-462-ge24419a6ad to
                  | 0.24-a0-464-g6b2be6b8c7
  2866 | D:4      | Found a staircase to the Ecumenical Temple.
  2890 | Temple   | Entered the Ecumenical Temple
  2900 | Temple   | Became a worshipper of Vehumet
  3133 | D:4      | Noticed a phantom
  3148 | D:4      | Killed a phantom
  3148 | D:4      | Reached skill level 1 in Shields
  3148 | D:4      | Reached skill level 5 in Spellcasting
  3148 | D:4      | Reached skill level 1 in Translocations
  3148 | D:4      | Reached XP level 6. HP: 32/32 MP: 2/15
  3320 | D:4      | Found a shimmering altar of Xom.
  3947 | D:4      | Reached XP level 7. HP: 10/36 MP: 4/17
  3952 | D:4      | Learned a level 3 spell: Dazzling Spray
  4436 | D:5      | Noticed Sigmund
  4453 | D:5      | Found an ancient bone altar of Kikubaaqudgha.
  4526 | D:5      | Reached skill level 6 in Conjurations
  4693 | D:5      | Found an iron altar of Okawaru.
  4895 | D:5      | Noticed Edmund
  4931 | D:5      | Slain by Edmund

Levels and vault maps discovered:
D:1:      shiori_shiawase, layout_basic
D:2:      layout_basic, minitemple, kennysheep_potato
D:3:      layout_basic, minivault_11
D:4:      cheibrodos_quashed, layout_gridville, kennysheep_little_box,
          minmay_temple_entry_mini_moons, first_ration
D:5:      layout_basic, lemuel_crystal_altar, kiku_gazebo_pond_becter,
          uniq_edmund, uniq_sigmund
D:6:      layout_loops_ring, lemuel_coloured_pillars_altar,
          lemuel_blue_sif_altar, minmay_guarded_unrand_staff_of_olgreb
Temple:   pf_slimified_temple

Skill      XL: |  1  2  3  4  5  6  7 |
---------------+----------------------+-----
Dodging        | 3 |  3.9
Stealth        | 3 4 |  4.1
Spellcasting   | 4 5 |  5.7
Conjurations   | 5 6 |  6.0
Short Blades   | 1 2 |  2.0
Shields        | 1 2 |  2.1
Translocations | 1 2 |  2.0
Hexes          | |  0.5

Action                   |  1- 3 |  4- 6 |  7- 9 || total
-------------------------+-------+-------+-------++-------
Melee: Dagger            |     7 |       |       ||     7
 Cast: Magic Dart        |    69 |   143 |    41 ||   253
       Iskenderun's Myst |       |     1 |       ||     1
  Use: Scroll            |     5 |     4 |     1 ||    10
  Eat: Ration            |     1 |     2 |     1 ||     4
Armor: Robe              |     3 |     5 |     1 ||     9
Dodge: Dodged            |    16 |    37 |    19 ||    72

Table legend:
 A = Non-vault XP
 B = Vault XP
 C = Vault XP percentage of total XP
 D = Non-vault monster count
 E = Vault monster count
 F = Vault count percentage of total count
                 A         B        C        D         E       F
            +---------+---------+-------+---------+---------+-------
      Total |     900 |       2 |   0.2 |      75 |       1 |   1.3
            +---------+---------+-------+---------+---------+-------
        D:1 |      28 |       0 |   0.0 |      17 |       0 |   0.0
        D:2 |      78 |       2 |   2.5 |      22 |       1 |   4.3
        D:3 |      75 |       0 |   0.0 |      14 |       0 |   0.0
        D:4 |     597 |       0 |   0.0 |      18 |       0 |   0.0
        D:5 |     122 |       0 |   0.0 |       4 |       0 |   0.0
            +---------+---------+-------+---------+---------+-------
